 Dungeon Crawl Stone Soup version 0.30-a0-862-g1aabd4f9c5 (webtiles) character file.

Game seed: 1374886341673114470

2331 Grim the Cleaver (level 9, 0/75 HPs)
             Began as a Naga Fighter on Mar 9, 2023.
             Was an Initiate of Cheibriados.
             Slain by a wyvern (10 damage)
             ... on level 7 of the Dungeon.
             The game lasted 00:12:16 (8631 turns).

Grim the Cleaver (Naga Fighter)                     Turns: 8631, Time: 00:12:18

Health: 0/75       AC: 13    Str: 24    XL:     9   Next: 42%
Magic:  9/9        EV:  5    Int: 16    God:    Cheibriados [......]
Gold:   503        SH:  4    Dex: 11    Spells: 3/8 levels left

rFire   x . .      SeeInvis +    y - +3 war axe
rCold   + . .      Faith    .    c - +0 buckler
rNeg    . . .      Spirit   .    b - +0 scale mail
rPois   +          Reflect  .    (no helmet)
rElec   .          Rampage  .    J - +0 cloak
rCorr   .                        f - +0 pair of gloves
Will    +....                    H - +0 barding Stlth
                                 (no amulet)
HPRegen 0.32/turn                v - +6 ring of intelligence
MPRegen 0.11/turn                C - ring of ice

@: short of breath, very slow
A: AC +3, large, see invisible, deformed body, poison resistance, slowness 2,
spit poison 1, naga tail 1
a: Spit Poison, Renounce Religion


You were on level 7 of the Dungeon.
You worshipped Cheibriados.
Cheibriados was noncommittal.
You visited 2 branches of the dungeon, and saw 9 of its levels.
You also visited: Ossuary.

You collected 503 gold pieces.

Inventory:

Hand Weapons
 a - a +0 war axe
 y - a +3 war axe (weapon)
Missiles
 p - 11 poisoned darts
Armour
 b - a +0 scale mail (worn)
 c - a +0 buckler (worn)
 f - a +0 pair of gloves (worn)
 H - a +0 barding (worn)
 J - a +0 cloak (worn)
Jewellery
 g - a ring of ice
 v - a +6 ring of intelligence (left hand)
 x - a ring of fire
 C - a ring of ice (right hand)
Wands
 t - a wand of flame (17)
 I - a wand of roots (6)
Scrolls
 e - 4 scrolls of identify {unknown}
 h - 5 scrolls of teleportation {unknown}
 i - a scroll of magic mapping {unknown}
 j - a scroll of poison {unknown}
 k - 4 scrolls of fear {unknown}
 l - a scroll of silence {unknown}
 q - a scroll of enchant armour {unknown}
 r - a scroll of vulnerability {unknown}
 u - 2 scrolls of brand weapon {unknown}
 A - 2 scrolls of immolation {unknown}
 B - 2 scrolls of blinking {unknown}
 D - a scroll of fog {unknown}
 E - 2 scrolls of enchant weapon {unknown}
 G - a scroll of torment {unknown}
Potions
 d - 3 potions of curing
 m - a potion of cancellation {unknown}
 n - a potion of invisibility {unknown}
 o - a potion of heal wounds
 s - 2 potions of brilliance {unknown}
 w - 2 potions of flight
 z - a potion of mutation {unknown}
 F - a potion of degeneration {unknown}


   Skills:
 - Level 3.0 Fighting
 + Level 12.4 Axes
 - Level 2.4 Armour
 - Level 2.6 Shields


You had 3 spell levels left.
You knew the following spells:

 Your Spells              Type           Power      Damage    Failure   Level
a - Sting                 Tmut/Pois      0%         1d3       61%         1
b - Olgreb's Toxic Radia  Pois           0%         N/A       100%        4

Your spell library contained the following spells:

 Spells                   Type           Power      Damage    Failure   Level
 Kiss of Death            Conj/Necr      0%         2d5       61%         1
 Lesser Beckoning         Tloc           0%         N/A       75%         2
 Poisonous Vapours        Pois/Air       0%         N/A       75%         2
 Confusing Touch          Hex            0%         N/A       93%         3
 Gell's Gravitas          Tloc           0%         N/A       93%         3
 Ozocubu's Armour         Ice            0%         N/A       93%         3
 Teleport Other           Tloc           0%         N/A       93%         3
 Vhi's Electric Charge    Tloc/Air       0%         N/A       93%         3
 Dispel Undead            Necr           0%         3d6       100%        4
 Arcjolt                  Conj/Air       0%         1d10      100%        5
 Ozocubu's Refrigeration  Ice            0%         4d7       100%        7
 Maxwell's Capacitive Co  Air            0%         ∞         100%        8


Dungeon Overview and Level Annotations

Branches:
Dungeon (8/15)             Temple (1/1) D:6         Ossuary (visited)
   Lair: D:8-11

Altars:
Ashenzari
Cheibriados
Dithmenos
Elyvilon
Fedhas
Gozag
Hepliaklqana
Kikubaaqudgha
Makhleb
Nemelex Xobeh
Okawaru
Qazlal
Ru
Sif Muna
Trog
Uskayaw
Vehumet
Wu Jian
Yredelemnul
Zin
The Shining One


Innate Abilities, Weirdness & Mutations

Your serpentine skin is tough. (AC +3)
You have supernaturally acute eyesight. (SInv)
Armour fits poorly on your strangely shaped body.
Your system is resistant to poisons. (rPois)
You cover ground very slowly.
You can spit poison.
You have a snake-like lower body.


Message History

* * * LOW HITPOINT WARNING * * *
The wyvern bites you!
* * * LOW HITPOINT WARNING * * *
The howler monkey hits you but does no damage.
The wyvern bites you but does no damage.
The howler monkey attacks as you move away!
The howler monkey hits you but does no damage.
The howler monkey barely misses you.
The wyvern bites you but does no damage.
The howler monkey hoots and howls with incredible vigour!
The wyvern attacks as you move away! The wyvern barely misses you.
The howler monkey attacks as you move away!
You block the howler monkey's attack. The wyvern bites you.
* * * LOW HITPOINT WARNING * * *
The wyvern bites you!
* * * LOW HITPOINT WARNING * * *
The howler monkey hoots and howls with incredible vigour!
The wyvern attacks as you move away!
The wyvern bites you but does no damage.
The wyvern closely misses you. You block the wyvern's attack.
Aiming: Spit Poison (1% risk of failure)
Press: ? - help, Shift-Dir - straight line, f - wyvern
Aim: a wyvern (64% to hit)
The splash of poison misses the wyvern.
The splash of poison misses the howler monkey.
The wyvern bites you but does no damage.
It was a potion of heal wounds.
You feel much better.
The wyvern bites you but does no damage. x2
You slash the wyvern!
The wyvern is moderately wounded.
The wyvern bites you!
* * * LOW HITPOINT WARNING * * *
The howler monkey hoots and howls with incredible vigour!
You slash the wyvern!
The wyvern is severely wounded.
The wyvern bites you.
* * * LOW HITPOINT WARNING * * *
The howler monkey hoots and howls with incredible vigour!
The wyvern bites you!
You die...

....### ######.# #.##.......
....# #...>[.### #.#####....
#...# #........#####.#####....
#...# #........#..............
#...######...#..#.#.#############
.............#.K#.#.#
.............K.##...#
..........#.##K##.#.# ##### ♣
#...#######...hl@.#.# #)..#♣♣ ♣♣
#...# ##.#..####.# #...).♣♣♣♣.
#...# ##.###.## ### #...#♣..♣..
#...# #.## ##.# #####♣♣♣.♣. #...#
##.###.###### ♣♣♣♣ #...#
##.#.##....# ##.##
##.###.#.####### ###
##.#########>###.#.....#.######.#
..................∩.#...........#


You could see a wyvern, a kobold brigand, a howler monkey and a kobold.

Vanquished Creatures
  A steam dragon (D:7)
  A water moccasin (D:7)
  An ice beast (D:6)
  2 sky beasts (D:6)
  An ogre (D:5)
  3 centaurs
  A kobold brigand (D:7)
  A phantom (D:7)
  A bullfrog (D:7)
  4 scorpions
  2 jellies
  3 centaur zombies (Ossuary)
  Crazy Yiuf (D:7)
  3 hounds (D:6)
  A human zombie (Ossuary)
  3 orc priests (D:4)
  A sleepcap (D:6)
  7 iguanas
  3 orc wizards
  3 mummies (Ossuary)
  2 hound zombies (Ossuary)
  7 adders
  7 gnolls
  3 white imps
  3 ufetubi
  6 adder zombies (Ossuary)
  6 worms
  3 dart slugs
  18 orcs
  6 endoplasms
  2 giant cockroaches
  9 goblins
  5 hobgoblins
  3 jackals (D:5)
  3 kobolds
  A quokka (D:3)
  6 ball pythons
  4 bats
  4 frilled lizards
  3 gnoll zombies (Ossuary)
  7 goblin zombies (Ossuary)
  2 hobgoblin zombies (Ossuary)
  2 jackal zombies (Ossuary)
  3 kobold zombies (Ossuary)
  An orc zombie (Ossuary)
  2 quokka zombies (Ossuary)
  8 rats
  3 rat zombies (Ossuary)
172 creatures vanquished.

Vanquished Creatures (others)
  A water moccasin (D:7)
1 creature vanquished.

Grand Total: 173 creatures vanquished

Notes
Turn   | Place    | Note
-------+----------+-------------------------------------------
     0 | D:1      | Grim the Naga Fighter began the quest for the Orb.
     0 | D:1      | Reached XP level 1. HP: 21/21 MP: 1/1
   473 | D:1      | Reached XP level 2. HP: 23/28 MP: 2/2
   716 | D:1      | Reached skill level 3 in Axes
   822 | D:2      | You fall into a shaft and drop 1 floor!
   877 | D:3      | Reached XP level 3. HP: 25/34 MP: 3/3
  1119 | D:3      | HP: 1/34 [orc/+0 falchion (3)]
  1120 | D:3      | Reached skill level 4 in Axes
  1120 | D:3      | Reached XP level 4. HP: 2/42 MP: 4/4
  2150 | D:3      | Found a burning altar of Makhleb.
  2157 | D:3      | Reached skill level 5 in Axes
  2172 | D:3      | Noticed a blizzard demon
  2194 | D:3      | Reached XP level 5. HP: 49/49 MP: 5/5
  3154 | D:4      | Reached skill level 6 in Axes
  3250 | D:4      | Reached XP level 6. HP: 21/56 MP: 6/6
  3519 | D:4      | Found a radiant altar of Vehumet.
  3805 | D:4      | Reached skill level 7 in Axes
  3986 | D:4      | Reached XP level 7. HP: 43/62 MP: 7/7
  4261 | D:4      | Found a shadowy altar of Dithmenos.
  4604 | D:5      | Entered Level 5 of the Dungeon
  4650 | D:5      | Reached skill level 8 in Axes
  5263 | D:5      | Reached skill level 9 in Axes
  5263 | D:5      | Reached XP level 8. HP: 61/69 MP: 8/8
  5297 | D:5      | Learned a level 1 spell: Sting
  5302 | D:5      | Learned a level 4 spell: Olgreb's Toxic Radiance
  5842 | D:6      | Reached skill level 10 in Axes
  5939 | D:6      | Found a sand-covered staircase.
  5943 | Ossuary  | Entered an ossuary
  6534 | D:6      | Found a basalt altar of Yredelemnul.
  6534 | D:6      | Found a blossoming altar of Fedhas.
  6542 | D:6      | Found a shimmering blue altar of Sif Muna.
  6545 | D:6      | Found a sparkling altar of Nemelex Xobeh.
  6547 | D:6      | Found a glowing golden altar of the Shining One.
  6552 | D:6      | Found a white marble altar of Elyvilon.
  6739 | D:6      | Found a staircase to the Ecumenical Temple.
  6749 | D:6      | Reached skill level 11 in Axes
  6766 | Temple   | Entered the Ecumenical Temple
  6953 | Temple   | Became a worshipper of Cheibriados the Contemplative
  7089 | D:6      | Reached XP level 9. HP: 64/75 MP: 9/9
  7812 | D:7      | Reached skill level 12 in Axes
  8533 | D:7      | Found a runed translucent door.
  8534 | D:7      | Noticed Crazy Yiuf
  8544 | D:7      | Killed Crazy Yiuf
  8631 | D:7      | Slain by a wyvern

Illustrated notes

Levels and vault maps discovered:
D:1:      dpeg_arrival_solitude, layout_basic
D:2:      layout_loops_ring
D:3:      layout_loops_corners, makhleb_altar_promises_db
D:4:      layout_loops_cross, grunt_dithmenos_smoke, general_overflow_altar,
          kennysheep_small_spiral
D:5:      layout_basic, kennysheep_generic_room_9
D:6:      layout_basic, nicolae_overflow_hallway_of_the_gods,
          minmay_temple_entry_slanted, enter_ossuary_5,
          kennysheep_generic_room_13
D:7:      layout_loops_cross, abandoned_shop, minmay_increasing_density,
          uniq_crazy_yiuf_cottage
D:8:      layout_rooms, mainiacjoe_overflow_catwalk, enter_bailey_5,
          gammafunk_ghost_wrathful_warriors, grunt_ministairs_3
Temple:   nicolae_temple_slightly_damp_pantheon

Skill      XL: |  1  2  3  4  5  6  7  8  9 |
---------------+----------------------------+-----
Axes           | 3 4 5 6 7 9 11 12 | 12.4
Fighting       | |  3.0
Armour         | |  2.4
Shields        | |  2.6

Action                     |  1- 3 |  4- 6 |  7- 9 || total
---------------------------+-------+-------+-------++-------
  Melee: War axe           |    53 |   187 |   286 ||   526
Ability: Spit Poison       |     1 |     2 |     6 ||     9
    Use: Potion            |     1 |     1 |     1 ||     3
 Armour: Scale mail        |    23 |    73 |   148 ||   244
  Dodge: Dodged            |    18 |    71 |   104 ||   193
  Block: Buckler           |    17 |    29 |    50 ||    96

Table legend: (Time is in decaauts)
 A = Elapsed time spent in this place.
 B = Non-inter-level travel time spent in this place.
 C = Inter-level travel time spent in this place.
 D = Time resting spent in this place.
 E = Time spent auto-exploring this place.
 F = Levels seen in this place.
 G = Mean time per level.
                   A        B        C        D        E       F      G
               +--------+--------+--------+--------+--------+-----+--------+
         Total |  11290 |  10897 |    393 |   1869 |   7627 |  10 | 1129.0 |
       Dungeon |  10517 |  10148 |    369 |   1869 |   7083 |   8 | 1314.6 |
        Temple |    285 |    262 |     23 |      0 |    211 |   1 |  285.0 |
       Ossuary |    486 |    486 |      0 |      0 |    332 |   1 |  486.0 |
               +--------+--------+--------+--------+--------+-----+--------+

Top non-repeatable levels by time:
     D:3: 1799 daAuts
     D:4: 1792 daAuts
     D:7: 1766 daAuts
     D:6: 1605 daAuts
     D:5: 1284 daAuts
     D:1: 1128 daAuts
     D:2: 1124 daAuts
 Ossuary: 486 daAuts
  Temple: 285 daAuts
     D:8: 16 daAuts
